 Dungeon Crawl Stone Soup version 0.24-a0-29-g43a6aff (webtiles) character file.

Game seed: 595053395569900003

12945 Lanoc the Carver (level 12, -22/144 HPs)
             Began as a Gnoll Berserker on Feb 2, 2019.
             Was a High Priest of Trog.
             Annihilated by a skeletal warrior
             ... wielding a +0 scimitar
             ... led by a skeletal warrior
              (25 damage)
             ... on level 12 of the Dungeon.
             The game lasted 00:36:35 (11252 turns).

Lanoc the Carver (Gnoll Berserker)                 Turns: 11252, Time: 00:36:35

Health: -22/144    AC: 10    Str: 33    XL:     12   Next: 0%
Magic:  0/22       EV: 17    Int:  5    God:    Trog [*****.]
Gold:   306        SH:  0    Dex: 16    Spells: 24/24 levels left

rFire    . . .     SeeInvis +   B - +7 great sword (freeze)
rCold    . . .     Gourm    .   (shield currently unavailable)
rNeg     + . .     Faith    .   X - +2 ring mail of Eternal Vigilance {rPois MR+ Str+4 Int-4}
rPois    +         Spirit   +   (no helmet)
rElec    .         Reflect  .   G - +0 cloak
rCorr    .         Harm     .   (no gloves)
MR       +....                  (no boots)
Stlth    ..........             j - amulet of guardian spirit
HPRegen  0.34/turn              a - ring of positive energy
MPRegen  0.18/turn              y - ring of see invisible

@: berserking, very quick
A: distributed training, fangs 1, strong nose
a: Berserk, Trog's Hand, Brothers in Arms, Renounce Religion


You were on level 12 of the Dungeon.
You worshipped Trog.
Trog was extremely pleased with you.
You were very hungry.

You visited 2 branches of the dungeon, and saw 13 of its levels.
You also visited: Bailey.

You collected 601 gold pieces.
You spent 295 gold pieces at shops.

Inventory:

Hand Weapons
 B - a +7 great sword of freezing (weapon)
 P - a +4 shortbow of velocity
Missiles
 h - 4 needles of sleeping
 i - 154 sling bullets
 l - 5 needles of confusion
 q - 232 arrows
 w - 122 bolts
 C - 16 tomahawks of returning (quivered)
 T - 5 poisoned javelins
Armour
 G - a +0 cloak (worn)
 X - the +2 ring mail of Eternal Vigilance (worn) {rPois MR+ Str+4 Int-4}
   (You took it off a gnoll in a bailey)

   It affects your strength (+4).
   It affects your intelligence (-4).
   It protects you from poison.
   It affects your resistance to hostile enchantments.
Jewellery
 a - a ring of positive energy (left hand)
 j - an amulet of guardian spirit (around neck)
 k - an uncursed ring of poison resistance
 y - a ring of see invisible (right hand)
Wands
 r - a wand of random effects (17)
 u - a wand of polymorph (11)
 H - a wand of disintegration (9)
 I - a wand of digging (4)
 K - a wand of flame (8)
 L - a wand of acid (14)
 N - a wand of scattershot (5)
 O - a wand of enslavement (10)
Scrolls
 d - 8 scrolls of teleportation
 f - 2 scrolls of noise {unknown}
 m - 2 scrolls of magic mapping
 t - a scroll of enchant armour {unknown}
 v - 3 scrolls of immolation {unknown}
 z - a scroll of fog {unknown}
 D - a scroll of blinking {unknown}
 J - 4 scrolls of amnesia {unknown}
 M - a scroll of acquirement {unknown}
 Q - 2 scrolls of remove curse
 U - a scroll of enchant weapon {unknown}
 V - a scroll of summoning {unknown}
Potions
 e - 2 potions of heal wounds
 g - 6 potions of brilliance
 n - a potion of ambrosia
 o - 4 potions of lignification
 p - 4 potions of cancellation
 s - 2 potions of agility
 x - a potion of haste
 A - a potion of mutation
 E - a potion of flight
 F - 2 potions of curing
 R - 2 potions of magic
 W - a potion of resistance
Miscellaneous
 S - a sack of spiders
Comestibles
 b - 2 chunks of flesh
 c - 22 rations


   Skills:
 + Level 9.4 Fighting
 + Level 6.7 Short Blades
 + Level 9.4 Long Blades
 + Level 6.7 Axes
 + Level 6.7 Maces & Flails
 + Level 6.7 Polearms
 + Level 6.7 Staves
 + Level 6.7 Slings
 + Level 6.7 Bows
 + Level 6.7 Crossbows
 + Level 6.7 Throwing
 + Level 8.2 Armour
 + Level 8.2 Dodging
 + Level 6.7 Stealth
 + Level 6.7 Shields
 + Level 6.7 Unarmed Combat
 + Level 6.7 Spellcasting
 + Level 5.5 Conjurations
 + Level 5.5 Hexes
 + Level 5.5 Charms
 + Level 5.5 Summonings
 + Level 5.5 Necromancy
 + Level 5.5 Translocations
 + Level 5.5 Transmutations
 + Level 5.5 Fire Magic
 + Level 5.5 Ice Magic
 + Level 5.5 Air Magic
 + Level 5.5 Earth Magic
 + Level 5.5 Poison Magic
 + Level 7.3 Invocations
 + Level 6.7 Evocations


You had 24 spell levels left.
You didn't know any spells.
Your spell library contained the following spells:

 Spells                   Type           Power        Failure   Level  Hunger
 Magic Dart               Conj           #...         3%          1    #......
 Summon Small Mammal      Summ           #...         3%          1    #......
 Blink                    Tloc           N/A          5%          2    ###....
 Call Imp                 Summ           #.......     5%          2    ###....
 Slow                     Hex            #.......     5%          2    ###....
 Call Canine Familiar     Summ           #.......     11%         3    ###....
 Conjure Flame            Conj/Fire      #.......     11%         3    ###....
 Mephitic Cloud           Conj/Pois/Air  #.......     11%         3    ###....
 Summon Guardian Golem    Hex/Summ       #.......     11%         3    ###....
 Summon Ice Beast         Ice/Summ       #.......     34%         4    #####..
 Summon Lightning Spire   Summ/Air       #.......     34%         4    #####..


Dungeon Overview and Level Annotations

Branches:
Dungeon (12/15)            Temple (1/1) D:5            Lair (0/6) D:9
    Orc: D:9-12

Altars:
Ashenzari
Cheibriados
Dithmenos
Elyvilon
Fedhas
Gozag
Hepliaklqana
Kikubaaqudgha
Makhleb
Nemelex Xobeh
Okawaru
Qazlal
Ru
Sif Muna
Trog
Uskayaw
Vehumet
Wu Jian
Xom
Yredelemnul
Zin
The Shining One

Shops:
D:6 ?   D:8 !   D:9 (

Annotations:
D:12 2 runed translucent doors


Innate Abilities, Weirdness & Mutations

Your experience applies equally to all skills.
You have very sharp teeth.
Your uncanny sense of smell can sniff out nearby items.


Message History

* * * LOW HITPOINT WARNING * * *
The skeletal warrior hits you with a +0 hand axe!
* * * LOW HITPOINT WARNING * * *
You slash the skeletal warrior! You freeze the skeletal warrior.
You bite the skeletal warrior, but do no damage.
The skeletal warrior is severely damaged.
The skeletal warrior closely misses you.
You riposte.
You barely miss the skeletal warrior.
The skeletal warrior hits you with a +0 scimitar.
* * * LOW HITPOINT WARNING * * *
You slash the skeletal warrior! You freeze the skeletal warrior.
The skeletal warrior is moderately damaged.
The skeletal warrior hits you with a +0 hand axe!
* * * LOW HITPOINT WARNING * * *
The skeletal warrior misses you.
Unknown command.
You hit the skeletal warrior but do no damage.
The skeletal warrior is moderately damaged.
The skeletal warrior hits you with a +0 scimitar!!
You die...

#.....#......#.
#.....#......'...
#.....#......##'###.
#.....#.............
#.....#............#
#.....#............#
#.....#............#
#.....'.....z......#
#.....#.....@z.....#
#.....#......z...)$.
#######.............
∆ #.............
#............. ∆
.'.............
..#.............
..#.............


You could see 3 skeletal warriors.

Vanquished Creatures
  2 unseen horrors
  A deep elf mage (D:12)
  An ugly thing (D:11)
  A cyclops (D:12)
  Maurice (D:8)
  2 gargoyles
  A troll (D:11)
  4 hippogriffs
  A shadow (D:11)
  6 yaks
  2 wyverns
  A human (D:8)
  A vampire (D:9)
  A wraith (D:12)
  An acid dragon (D:12)
  A water moccasin (D:6)
  Duvessa (D:7)
  A sky beast (D:7)
  A hornet zombie (D:8)
  8 orc warriors
  A phantom (D:4)
  9 ogres
  3 centaurs
  A big kobold (D:7)
  9 bullfrogs
  A gnoll sergeant (D:9)
  A wyvern zombie (D:6)
  7 scorpions
  Dowan (D:7)
  11 killer bees
  9 wights
  11 howler monkeys
  A centaur zombie (D:8)
  6 crimson imps
  5 hounds
  A quasit (D:9)
  5 jellies
  2 bullfrog zombies
  A centaur skeleton (D:9)
  13 orc priests
  A bullfrog skeleton (D:9)
  5 iguanas
  10 worker ants
  17 orc wizards
  A killer bee zombie (D:7)
  A hound skeleton (D:4)
  A worker ant zombie (D:6)
  8 gnolls
  16 adders
  2 shadow imps
  An adder zombie (D:6)
  2 adder skeletons (D:5)
  4 worms
  3 dart slugs
  7 leopard geckos
  49 orcs
  2 ball pythons
  5 bats
  6 giant cockroaches
  6 goblins
  7 hobgoblins
  10 jackals
  32 kobolds
  4 quokkas
  A ball python skeleton (D:4)
  6 frilled lizards
  A leopard gecko zombie (D:8)
  A quokka zombie (D:9)
  6 rats
  A plant (D:2)
352 creatures vanquished.

Notes
Turn   | Place    | Note
-------+----------+-------------------------------------------
     0 | D:1      | Lanoc the Gnoll Berserker began the quest for the Orb.
     0 | D:1      | Reached XP level 1. HP: 23/23 MP: 1/1
    82 | D:1      | Reached XP level 2. HP: 28/29 MP: 2/2
   194 | D:1      | Reached ** piety under Trog
   234 | D:1      | Reached XP level 3. HP: 35/35 MP: 3/3
   517 | D:2      | Reached skill level 1 in Invocations
   642 | D:2      | Reached skill level 1 in Short Blades
   642 | D:2      | Reached skill level 1 in Axes
   642 | D:2      | Reached skill level 1 in Maces & Flails
   642 | D:2      | Reached skill level 1 in Polearms
   642 | D:2      | Reached skill level 1 in Staves
   642 | D:2      | Reached skill level 1 in Slings
   642 | D:2      | Reached skill level 1 in Bows
   642 | D:2      | Reached skill level 1 in Crossbows
   642 | D:2      | Reached skill level 1 in Throwing
   642 | D:2      | Reached skill level 1 in Stealth
   642 | D:2      | Reached skill level 1 in Shields
   642 | D:2      | Reached skill level 1 in Unarmed Combat
   642 | D:2      | Reached skill level 1 in Spellcasting
   642 | D:2      | Reached skill level 1 in Evocations
   642 | D:2      | Reached XP level 4. HP: 41/41 MP: 3/5
   881 | D:2      | Reached *** piety under Trog
  1071 | D:3      | Reached skill level 1 in Conjurations
  1071 | D:3      | Reached skill level 1 in Hexes
  1071 | D:3      | Reached skill level 1 in Charms
  1071 | D:3      | Reached skill level 1 in Summonings
  1071 | D:3      | Reached skill level 1 in Necromancy
  1071 | D:3      | Reached skill level 1 in Translocations
  1071 | D:3      | Reached skill level 1 in Transmutations
  1071 | D:3      | Reached skill level 1 in Fire Magic
  1071 | D:3      | Reached skill level 1 in Ice Magic
  1071 | D:3      | Reached skill level 1 in Air Magic
  1071 | D:3      | Reached skill level 1 in Earth Magic
  1071 | D:3      | Reached skill level 1 in Poison Magic
  1090 | D:3      | Found a snail-covered altar of Cheibriados.
  1108 | D:2      | Reached XP level 5. HP: 29/47 MP: 4/6
  1691 | D:4      | Reached XP level 6. HP: 53/53 MP: 8/8
  1750 | D:4      | Reached skill level 5 in Armour
  1750 | D:4      | Reached skill level 5 in Dodging
  1897 | D:4      | Reached XP level 7. HP: 43/59 MP: 10/10
  2060 | D:4      | Reached **** piety under Trog
  2556 | D:5      | Entered Level 5 of the Dungeon
  2628 | D:5      | Reached XP level 8. HP: 47/67 MP: 7/12
  2724 | D:5      | Found a staircase to the Ecumenical Temple.
  2760 | Temple   | Entered the Ecumenical Temple
  3300 | D:5      | HP: 3/67 [poisoned by a scorpion]
  3306 | D:5      | HP: 2/67 [poisoned by a scorpion]
  3311 | D:5      | HP: 1/67 [poisoned by a scorpion]
  3695 | D:5      | Found a radiant altar of Vehumet.
  3695 | D:5      | Found an ancient bone altar of Kikubaaqudgha.
  3977 | D:6      | Found a hazy altar of Hepliaklqana.
  4026 | D:6      | Found Eheh's Magic Scroll Shoppe.
  4229 | D:6      | Bought a scroll of remove curse for 45 gold pieces
  4229 | D:6      | Bought a scroll of teleportation for 45 gold pieces
  4229 | D:6      | Bought 2 scrolls of identify for 60 gold pieces
  4229 | D:6      | Bought a scroll of magic mapping for 52 gold pieces
  4229 | D:6      | Bought a scroll of teleportation for 45 gold pieces
  4347 | D:6      | Reached XP level 9. HP: 72/72 MP: 14/14
  5733 | D:7      | Noticed Duvessa
  5734 | D:7      | Noticed Dowan
  5736 | D:7      | Killed Dowan
  5739 | D:7      | Reached ***** piety under Trog
  5740 | D:7      | Killed Duvessa
  5740 | D:7      | Reached skill level 5 in Invocations
  6063 | D:8      | Noticed Maurice
  6066 | D:8      | Received a gift from Trog
  6066 | D:8      | Reached XP level 10. HP: 80/80 MP: 17/17
  6073 | D:8      | Killed Maurice
  6319 | D:8      | Found Vairug's Distillery.
  6327 | D:8      | Bought a potion of agility for 48 gold pieces
  6388 | D:8      | Reached skill level 5 in Short Blades
  6388 | D:8      | Reached skill level 5 in Axes
  6388 | D:8      | Reached skill level 5 in Maces & Flails
  6388 | D:8      | Reached skill level 5 in Polearms
  6388 | D:8      | Reached skill level 5 in Staves
  6388 | D:8      | Reached skill level 5 in Slings
  6388 | D:8      | Reached skill level 5 in Bows
  6388 | D:8      | Reached skill level 5 in Crossbows
  6388 | D:8      | Reached skill level 5 in Throwing
  6388 | D:8      | Reached skill level 5 in Stealth
  6388 | D:8      | Reached skill level 5 in Shields
  6388 | D:8      | Reached skill level 5 in Unarmed Combat
  6388 | D:8      | Reached skill level 5 in Spellcasting
  6388 | D:8      | Reached skill level 5 in Evocations
  6529 | D:8      | Found a bloodstained altar of Trog.
  6531 | D:8      | Found a blossoming altar of Fedhas.
  6532 | D:8      | Found a deep blue altar of Sif Muna.
  6534 | D:8      | Found a burning altar of Makhleb.
  6534 | D:8      | Found a white marble altar of Elyvilon.
  7977 | D:9      | Received a gift from Trog
  8152 | D:9      | Found a staircase to the Lair.
  8386 | D:9      | Found Ikhiurack's Antique Weapon Emporium.
  8596 | D:10     | Entered Level 10 of the Dungeon
  8611 | D:10     | Reached XP level 11. HP: 54/87 MP: 12/19
  8623 | D:10     | Got an ichor-stained war axe
  8844 | D:10     | Identified the +4 war axe of the Sun {freeze, *Drain +Rage
                  | +Inv Str+8} (You found it on level 10 of the Dungeon)
  9383 | D:11     | Reached skill level 5 in Conjurations
  9383 | D:11     | Reached skill level 5 in Hexes
  9383 | D:11     | Reached skill level 5 in Charms
  9383 | D:11     | Reached skill level 5 in Summonings
  9383 | D:11     | Reached skill level 5 in Necromancy
  9383 | D:11     | Reached skill level 5 in Translocations
  9383 | D:11     | Reached skill level 5 in Transmutations
  9383 | D:11     | Reached skill level 5 in Fire Magic
  9383 | D:11     | Reached skill level 5 in Ice Magic
  9383 | D:11     | Reached skill level 5 in Air Magic
  9383 | D:11     | Reached skill level 5 in Earth Magic
  9383 | D:11     | Reached skill level 5 in Poison Magic
  9398 | D:11     | Found a flagged portal.
  9407 | D:11     | Noticed an unseen horror
  9424 | D:11     | Killed an unseen horror
  9556 | Bailey   | Entered a bailey
  9876 | Bailey   | Identified the +2 ring mail of Eternal Vigilance {rPois MR+
                  | Str+4 Int-4}
 10113 | D:11     | Found a shadowy altar of Dithmenos.
 10511 | D:11     | Noticed a purple ugly thing
 10527 | D:11     | Killed a purple ugly thing
 10739 | D:12     | Received a gift from Trog
 10740 | D:12     | Found a large runed translucent door.
 10742 | D:12     | Found a large runed translucent door.
 10751 | D:12     | Noticed a two-headed ogre
 10753 | D:12     | Noticed a cyclops
 10765 | D:12     | Noticed a deep elf mage
 10782 | D:12     | Killed a deep elf mage
 10988 | D:12     | Killed a cyclops
 11222 | D:12     | Noticed an unseen horror
 11230 | D:12     | Killed an unseen horror
 11230 | D:12     | Reached XP level 12. HP: 85/96 MP: 20/22
 11251 | D:12     | HP: 2/144 [skeletal warrior/+0 hand axe (15)]
 11252 | D:12     | Annihilated by a skeletal warrior

Vault maps used:
D:1:      dpeg_arrival_three_bigger_balls
D:2:      chequers_serial_rivers_small_b, serial_bayou_pond_c
D:3:      lemuel_crystal_altar, serial_corexii_hall, corexii_hall_statues_i,
          corexii_hall_statues_s, kennysheep_generic_room_15
D:4:      first_ration, hangedman_decor_riveting
D:5:      gammafunk_temple_overflow_elements, temple_green,
          minmay_fractal_squares_diagonal_5
D:6:      serial_shops, shop, basic_altar
D:7:      uniq_duvessa
D:8:      grunt_temple_overflow_open, serial_shops, shop, grunt_pizzeria,
          uniq_maurice
D:9:      lair_entry_dummy, serial_shops, shop, minmay_holes
D:11:     enter_bailey_2, nicolae_dithmenos_the_darkroom
D:12:     david_orc_3, corexii_checkpoint_a, minmay_hollow_rounded_squares,
          uniq_sonja, uniq_nessos
Temple:   eino_temple_water
Bailey:   bailey_axe_1, bailey

Skill      XL: |  1  2  3  4  5  6  7  8  9 10 11 |
---------------+----------------------------------+-----
Invocations    | 1 2 3 4 5 6 7 |  7.3
Short Blades   | 1 2 3 4 5 6 |  6.7
Axes           | 1 2 3 4 5 6 |  6.7
Maces & Flails | 1 2 3 4 5 6 |  6.7
Polearms       | 1 2 3 4 5 6 |  6.7
Staves         | 1 2 3 4 5 6 |  6.7
Slings         | 1 2 3 4 5 6 |  6.7
Bows           | 1 2 3 4 5 6 |  6.7
Crossbows      | 1 2 3 4 5 6 |  6.7
Throwing       | 1 2 3 4 5 6 |  6.7
Stealth        | 1 2 3 4 5 6 |  6.7
Shields        | 1 2 3 4 5 6 |  6.7
Unarmed Combat | 1 2 3 4 5 6 |  6.7
Spellcasting   | 1 2 3 4 5 6 |  6.7
Evocations     | 1 2 3 4 5 6 |  6.7
Conjurations   | 1 2 3 4 5 |  5.5
Hexes          | 1 2 3 4 5 |  5.5
Charms         | 1 2 3 4 5 |  5.5
Summonings     | 1 2 3 4 5 |  5.5
Necromancy     | 1 2 3 4 5 |  5.5
Translocations | 1 2 3 4 5 |  5.5
Transmutations | 1 2 3 4 5 |  5.5
Fire Magic     | 1 2 3 4 5 |  5.5
Ice Magic      | 1 2 3 4 5 |  5.5
Air Magic      | 1 2 3 4 5 |  5.5
Earth Magic    | 1 2 3 4 5 |  5.5
Poison Magic   | 1 2 3 4 5 |  5.5
Armour         | 5 6 7 8 |  8.2
Dodging        | 5 6 7 8 |  8.2
Fighting       | 7 8 9 |  9.4
Long Blades    | 7 8 9 |  9.4

Action                   |  1- 3 |  4- 6 |  7- 9 | 10-12 || total
-------------------------+-------+-------+-------+-------++-------
Melee: Falchion          |    84 |   130 |    35 |       ||   249
       Bite              |    11 |    19 |    39 |    39 ||   108
       Punch             |       |     1 |     3 |     5 ||     9
       War axe           |       |       |   105 |   121 ||   226
       Quarterstaff      |       |       |   110 |       ||   110
       Great sword       |       |       |    26 |   180 ||   206
 Fire: Shortbow          |       |       |       |    13 ||    13
Throw: Tomahawk          |       |       |     1 |    52 ||    53
Invok: Berserk           |     3 |     4 |    11 |    14 ||    32
       Trog's Hand       |       |       |     2 |       ||     2
Evoke: Wand              |       |       |       |     4 ||     4
  Use: Scroll            |       |       |     6 |     8 ||    14
       Potion            |       |       |       |     1 ||     1
 Stab: Sleeping          |       |     3 |    11 |    16 ||    30
       Distracted        |       |       |       |     1 ||     1
  Eat: Chunk             |     1 |     9 |    25 |    29 ||    64
Armor: Animal skin       |    10 |    24 |    27 |    30 ||    91
       Ring mail         |       |       |       |    24 ||    24
Dodge: Dodged            |    55 |   104 |   191 |   341 ||   691
       Rpst.: Falchion   |    11 |    39 |     3 |       ||    53
       Great sword       |       |       |    11 |    51 ||    62

Table legend:
 A = Non-vault XP
 B = Vault XP
 C = Vault XP percentage of total XP
 D = Non-vault monster count
 E = Vault monster count
 F = Vault count percentage of total count
                 A         B        C        D         E       F
            +---------+---------+-------+---------+---------+-------
      Total |   16729 |    1764 |   9.5 |     309 |      42 |  12.0
            +---------+---------+-------+---------+---------+-------
        D:1 |      54 |       0 |   0.0 |      31 |       0 |   0.0
        D:2 |      94 |       0 |   0.0 |      22 |       0 |   0.0
        D:3 |     152 |       0 |   0.0 |      20 |       0 |   0.0
        D:4 |     726 |       0 |   0.0 |      26 |       0 |   0.0
        D:5 |     677 |     132 |  16.3 |      16 |       4 |  20.0
        D:6 |     747 |       0 |   0.0 |      17 |       0 |   0.0
        D:7 |    1815 |     211 |  10.4 |      45 |       2 |   4.3
        D:8 |    1476 |     696 |  32.0 |      32 |       2 |   5.9
        D:9 |    2085 |       0 |   0.0 |      34 |       0 |   0.0
       D:10 |    2025 |       0 |   0.0 |      18 |       0 |   0.0
       D:11 |    3308 |       0 |   0.0 |      21 |       0 |   0.0
       D:12 |    3570 |       4 |   0.1 |      27 |       2 |   6.9
     Bailey |       0 |     721 | 100.0 |       0 |      32 | 100.0
            +---------+---------+-------+---------+---------+-------
